 Dungeon Crawl Stone Soup version 0.20.0 (webtiles) character file.

119 SpeedrunTech the Chopper (level 4, -7/61 HPs)
             Began as a Minotaur Berserker on June 11, 2017.
             Was a Believer of Trog.
             Mangled by a gnoll
             ... wielding a +0 spear
              (8 damage)
             ... on level 5 of the Dungeon.
             The game lasted 00:00:33 (995 turns).

SpeedrunTech the Chopper (Minotaur Berserker)        Turns: 995, Time: 00:00:33

Health: -7/61      AC:  2    Str: 27    XL:     4   Next: 74%
Magic:  3/3        EV: 12    Int:  4    God:    Trog [**....]
Gold:   106        SH:  0    Dex: 10    Spells: 3/3 levels left

rFire    . . .     SeeInvis .   a - +0 hand axe
rCold    . . .     Gourm    .   (no shield)
rNeg     . . .     Faith    .   b - +0 animal skin
rPois    .         Spirit   .   (helmet restricted)
rElec    .         Reflect  .   (no cloak)
rCorr    .         Harm     .   (no gloves)
MR       .....                  (no boots)
Stlth    ..........             (no amulet)
Regen    0.2/turn               (no ring)
MPRegen  0.1/turn               (no ring)

@: berserking, very quick
A: retaliatory headbutt, horns 2
a: Berserk, Trog's Hand, Burn Spellbooks, Renounce Religion


You were on level 5 of the Dungeon.
You worshipped Trog.
Trog was pleased with you.
You were hungry.

You visited 1 branch of the dungeon, and saw 5 of its levels.

You collected 106 gold pieces.

Inventory:

Hand Weapons
 a - a +0 hand axe (weapon)
Armour
 b - a +0 animal skin (worn)
Scrolls
 d - 2 scrolls of teleportation {unknown}
 e - 3 scrolls of identify {unknown}
 h - a scroll of magic mapping {unknown}
 j - a scroll of immolation {unknown}
Potions
 g - a potion of brilliance {unknown}
 l - a potion of curing {unknown}
Comestibles
 c - a bread ration
 f - 2 fruits
 i - 3 chunks of flesh
 k - a royal jelly


   Skills:
 + Level 4.8 Fighting
 * Level 5.8 Axes
 - Level 2.4 Armour
 - Level 2.1 Dodging


You had 3 spell levels left.
You didn't know any spells.

Dungeon Overview and Level Annotations

Branches:
Dungeon (5/15)
 Temple: D:4-7

Altars:
Okawaru


Innate Abilities, Weirdness & Mutations

You reflexively headbutt those who attack you in melee.
You have a pair of horns on your head.


Message History

Trog accepts your kill. The gnoll barely misses you.
The gnoll hits you but does no damage.
Unknown command.
Unknown command.
You barely miss the gnoll. Your headbutt misses the gnoll.
The gnoll is almost dead.
You closely miss the gnoll.
The gnoll hits you from afar with a spear.
* * * LOW HITPOINT WARNING * * *
The gnoll sergeant misses you.
Some of the chunks of flesh in your inventory have rotted away.
Unknown command.
You slash the gnoll!
You kill the gnoll!
Trog accepts your kill.
You slash the gnoll!
You kill the gnoll!
Trog accepts your kill.
The gnoll hits you from afar with a spear!
You die...

#####
#..<#
#.###
#...#
####.#
#.)@.#
#.gg))##
#..g...
#.......
#.....###
#.#####
##


You could see a gnoll sergeant and 2 gnolls.

Vanquished Creatures
  An iguana (D:4)
  5 adders
  3 gnolls (D:5)
  3 leopard geckos
  A bat (D:2)
  A goblin (D:3)
  2 hobgoblins (D:3)
  A quokka (D:2)
  5 frilled lizards (D:4)
  A rat (D:2)
23 creatures vanquished.

Notes
Turn   | Place    | Note
-------+----------+-------------------------------------------
     0 | D:1      | SpeedrunTech the Minotaur Berserker began the quest for the Orb.
     0 | D:1      | Reached XP level 1. HP: 19/19 MP: 0/0
    57 | D:2      | Reached skill level 4 in Axes
    57 | D:2      | Reached XP level 2. HP: 19/27 MP: 1/1
   571 | D:2      | Reached XP level 3. HP: 25/33 MP: 2/2
   771 | D:3      | Reached skill level 5 in Axes
   793 | D:3      | Found an iron altar of Okawaru.
   900 | D:4      | Reached ** piety under Trog
   903 | D:4      | Reached XP level 4. HP: 41/41 MP: 3/3
   985 | D:5      | Entered Level 5 of the Dungeon
   989 | D:5      | Noticed a gnoll sergeant
   992 | D:5      | HP: 4/61 [gnoll sergeant/trident of flaming (4)]
   994 | D:5      | HP: 1/61 [gnoll/spear (3)]
   995 | D:5      | Mangled by a gnoll

Skill      XL: |  1  2  3 |
---------------+----------+-----
Axes           | 4 5 |  5.8
Fighting       | 4 |  4.8
Armour         | |  2.4
Dodging        | |  2.1

Action                   |  1- 3 |  4- 6 || total
-------------------------+-------+-------++-------
Melee: Hand axe          |    41 |     6 ||    47
       Headbutt          |     4 |       ||     4
Invok: Berserk           |     2 |     1 ||     3
 Stab: Sleeping          |       |     1 ||     1
  Eat: Chunk             |     1 |     1 ||     2
Armor: Animal skin       |     6 |       ||     6
Dodge: Dodged            |    25 |     6 ||    31
